 Dungeon Crawl Stone Soup version 0.27-a0-1065-ge809cff456 (webtiles) character file.

Game seed: 7631033821814241992

275052 gimp the Tortoise (level 20, -28/226 HPs)
             Began as a Djinni Wanderer on Apr 23, 2021.
             Was the Champion of Trog.
             Annihilated by a yaktaur captain
             ... wielding a +0 glaive
              (44 damage)
             ... on level 1 of the Vaults.
             The game lasted 02:01:22 (61968 turns).

gimp the Tortoise (Djinni Wanderer)                Turns: 61968, Time: 02:01:23

Health: -28/226    AC: 29    Str: 20    XL:     20   Next: 33%
Gold:   1270       EV: 12    Int: 15    God:    Trog [******] SH: 19 Dex: 12

rFire    + + +     SeeInvis +   a - +6 eveningstar of Ocriris {flame, rF+}
rCold    . . .     Faith    .   Q - +0 kite shield "Kuafian" {Contam rElec rPois rN+}
rNeg     + . .     Spirit   .   V - +4 chain mail {rC+}
rPois    ∞         Reflect  +   W - +2 helmet {SInv}
rElec    +         Harm     .   x - scarf {repulsion}
rCorr    .         Rampage  .   e - +1 pair of gloves
Will     +++++                  (boots unavailable)
Stlth    ..........             j - amulet of reflection
HPRegen  1.47/turn              h - +4 ring of protection
MPRegen  0.00/turn              C - ring of willpower

@: berserking, flying, regenerating, studying Shields, repel missiles, very
quick
A: fire resistance 2, cold vulnerability 1, float, innate caster, hp casting,
extra vitality 1
}: 2/15 runes: serpentine, barnacled
a: Renounce Religion, Berserk, Trog's Hand, Brothers in Arms


You were on level 1 of the Vaults.
You worshipped Trog.
Trog was exalted by your worship.
You visited 6 branches of the dungeon, and saw 32 of its levels.
You also visited: Ossuary and Volcano.

You collected 4061 gold pieces.
You spent 2791 gold pieces at shops.

Inventory:

Hand Weapons
 a - the +6 eveningstar of Ocriris (weapon) {flame, rF+}
   (You acquired it on level 2 of the Orcish Mines)

   It has been specially enchanted to burn those struck by it, causing extra
   injury to most foes and up to half again as much damage against particularly
   susceptible opponents.
   It protects you from fire.
 b - a +5 antimagic eveningstar
Missiles
 n - 79 poisoned darts (quivered)
 w - 11 throwing nets
 y - 41 javelins
 B - 16 silver javelins
 S - 3 curare-tipped darts
 U - 12 atropa-tipped darts
Armour
 e - a +1 pair of gloves (worn)
 x - a scarf of repulsion (worn)
 Q - the +0 kite shield "Kuafian" (worn) {Contam rElec rPois rN+}
   (You bought it in a shop on level 1 of the Orcish Mines)

   It insulates you from electricity.
   It protects you from poison.
   It protects you from negative energy.
   It causes magical contamination when unequipped.
 V - a +4 chain mail of cold resistance (worn)
 W - a +2 helmet of see invisible (worn)
 X - a scarf of shadows
Jewellery
 h - a +4 ring of protection (left hand)
 j - an amulet of reflection (around neck)
 q - the ring "Uliafeb" {rElec rN+ Str+4 Dex-2}
   (You acquired it on level 3 of the Dungeon)

   [ring of positive energy]

   It affects your strength (+4).
   It affects your dexterity (-2).
   It insulates you from electricity.
   It protects you from negative energy.
 u - a ring of resist corrosion
 v - a ring of ice
 C - a ring of willpower (right hand)
Wands
 i - a wand of flame (56)
 D - a wand of digging (11)
 E - a wand of iceblast (51)
 G - a wand of paralysis (16)
 O - a wand of polymorph (11)
 T - a wand of acid (13)
Scrolls
 d - a scroll of holy word
 g - 3 scrolls of fear
 l - 6 scrolls of enchant armour
 o - 2 scrolls of summoning
 t - 10 scrolls of teleportation
 z - 2 scrolls of brand weapon
 A - 7 scrolls of blinking
 F - 2 scrolls of silence
 J - 8 scrolls of magic mapping
 P - 19 scrolls of identify
 R - 3 scrolls of fog
Potions
 c - 11 potions of curing
 f - 7 potions of mutation
 m - 6 potions of might
 p - 5 potions of heal wounds
 r - 5 potions of attraction
 s - 5 potions of cancellation
 H - 3 potions of resistance
 K - a potion of haste
Miscellaneous
 k - a box of beasts
 I - a phantom mirror
 M - a phial of floods
 N - a condenser vane


   Skills:
 + Level 15.8 Fighting
 - Level 16.0 Maces & Flails
 + Level 8.8 Throwing
 - Level 18.3 Armour
 - Level 11.0 Dodging
 - Level 15.0 Shields
 - Level 11.0 Evocations


You couldn't memorise any spells.
You knew the following spells:

 Your Spells              Type           Power      Damage    Failure   Level
a - Sandblast             Erth           0%         2d4       77%         1
b - Call Imp              Summ           0%         N/A       88%         2
c - Tukima's Dance        Hex            0%         N/A       98%         3
d - Stone Arrow           Conj/Erth      0%         3d7       98%         3
e - Hailstorm             Conj/Ice       0%         3d3       100%        4
f - Manifold Assault      Tloc           0%         N/A       100%        5
g - Conjure Ball Lightni  Conj/Air       0%         3x3d6     100%        6
h - Freezing Cloud        Conj/Ice/Air   0%         6-21      100%        6
i - Orb of Destruction    Conj           0%         N/A       100%        7
Your spell library was empty.


Dungeon Overview and Level Annotations

Branches:
Dungeon (15/15)            Temple (0/1) D:5            Lair (6/6) D:8
 Shoals (4/4) Lair:3        Snake (4/4) Lair:4        Slime (0/5) Lair:6
    Orc (2/2) D:11            Elf (0/3) Orc:2        Vaults (1/5) D:14
 Depths (0/5) D:15        Ossuary (visited)         Volcano (visited)

Altars:
Ashenzari
Elyvilon
Fedhas
Kikubaaqudgha
Makhleb
Qazlal
Ru
Sif Muna
Trog
Vehumet
Wu Jian
Xom
Yredelemnul
Zin
Beogh

Shops:
D:3 ?*?   D:12 *[?*[   Orc:1 =[   Orc:2 ?[=*   Shoals:4 (   Snake:1 :=:

Annotations:
D:3 Natasha
Lair:1 exclusion: 2 oklob plants
Lair:3 exclusion: 2 oklob plants
Shoals:2 2 transporters, Heezod's ghost, journeyman MiBe
Snake:1 2 transporters
Snake:3 Roxanne
Orc:1 1 runed translucent door, rgaf's ghost, journeyman DsMo


Innate Abilities, Weirdness & Mutations

You are immune to poison.
Your flesh is very heat resistant. (rF++)
You are vulnerable to cold. (rC-)
You float through the air rather than walking.
You learn spells naturally, not from books.
Your magical power is your life essence.
You have superior vitality. (+4 HP)


Message History

You sock the ironbound convoker! You burn the ironbound convoker.
You kill the ironbound convoker!
Trog accepts your kill.
Trog appreciates your killing of a magic user.
You block the yaktaur's attack.
You impale the yaktaur!! You burn the yaktaur!
You kill the yaktaur!
Trog accepts your kill.
A yaktaur captain comes into view. It is wielding a +0 glaive.
The yaktaur captain wields a +0 arbalest of flaming.
It bursts into flame!
The yaktaur captain shoots a bolt.
You reflect the bolt off an invisible shield around you!
The bolt hits the yaktaur captain!!
The bolt burns the yaktaur captain!
Things that are here:
a +0 arbalest; 16 bolts; a yaktaur corpse You barely miss the yaktaur captain.
The yaktaur captain is heavily wounded.
The yaktaur captain hits you from afar with a +0 glaive!
* * * LOW HITPOINT WARNING * * *
You take 16 damage, and have 20/226 hp.
You impale the yaktaur captain!! You burn the yaktaur captain.
The yaktaur captain is severely wounded.
The yaktaur captain unwields a +0 arbalest of flaming.
It stops flaming.
You block the yaktaur captain's attack.
You impale the yaktaur captain!! You burn the yaktaur captain.
You feel the power of Trog in you as your rage grows.
You kill the yaktaur captain!
Trog accepts your kill.
The yaktaur captain hits you from afar with a +0 glaive!
* * * LOW HITPOINT WARNING * * *
You take 7 damage, and have 13/226 hp.
You sock the yaktaur captain! You burn the yaktaur captain.
The yaktaur captain is lightly wounded.
You block the yaktaur captain's attack.
You barely miss the yaktaur captain.
The yaktaur captain is lightly wounded.
You bludgeon the yaktaur captain!! You burn the yaktaur captain!
The yaktaur captain is heavily wounded.
The yaktaur captain hits you with a +0 glaive!!!
You die...

#.....p.....#
#..###.###..#
#cp##)#p##..#
#..#.#.#.#..#
#...#.#p#...#
#..#.#.#.#..#
#..##.#.##..#
#..###c###.^#
#..))@[.....#
#.[.........#
#####+##########
#....[.# #......#
#......#########
#......'.......##
#....^.##.......##
#......###.......##


You could see a yaktaur captain (strong).

Vanquished Creatures
  Vashnia (Snake:2)
  Nikola (Shoals:1)
  A kraken (Shoals:1)
  Frances (D:13)
  Kirke (D:11)
  Ilsuiw (Shoals:2)
  2 nagarajas
  Aizul (Snake:2)
  An orc warlord (Orc:1)
  3 vault wardens (Vaults:1)
  A stone giant (D:15)
  Azrael (Snake:2)
  A red draconian (Volcano)
  Snorg (D:14)
  4 merfolk javelineers
  10 salamander tyrants
  13 merfolk impalers
  A yaktaur captain (Vaults:1)
  A fire dragon (D:14)
  3 vault guards
  An ironbound thunderhulk (Vaults:1)
  12 hydras
  Erolcha (D:13)
  12 naga warriors
  A catoblepas (Shoals:3)
  A boulder beetle (Lair:3)
  2 merfolk avatars
  2 alligator snapping turtles
  21 anacondas
  A death knight (D:10)
  2 ironbound frosthearts (Vaults:1)
  5 merfolk aquamancers
  6 centaur warriors
  3 two-headed ogres
  3 satyrs
  4 tengu warriors
  7 death yaks
  3 orc high priests (Orc:2)
  15 naga sharpshooters
  8 shock serpents
  5 skeletal warriors
  12 salamander mystics
  A wizard (D:14)
  A kraken simulacrum (Shoals:4)
  17 sea snakes
  11 naga ritualists
  15 mana vipers
  4 lindwurms (Snake:4)
  A harpy (Shoals:4)
  2 ironbound convokers (Vaults:1)
  3 necromancers (D:14)
  6 orc knights
  5 orc sorcerers
  11 fauns
  8 ugly things (D:14)
  A wolf spider (Lair:6)
  21 manticores
  11 cyclopes
  2 centaur zombies
  13 elephants
  A black mamba (shapeshifter) (D:10)
  23 salamanders
  18 merfolk sirens
  3 vault sentinels (Vaults:1)
  9 naga magi
  60 black mambas
  13 cane toads
  9 guardian serpents
  Joseph (D:7)
  11 water nymphs
  A gargoyle (D:12)
  2 rime drakes
  A kobold demonologist (D:9)
  A yaktaur (shapeshifter) (D:15)
  6 komodo dragons
  An unseen horror (D:10)
  An efreet (D:15)
  3 yaktaurs
  A tengu conjurer (D:14)
  6 trolls
  4 meliai
  29 merfolk
  11 polar bears
  6 wind drakes
  2 raiju (Lair:6)
  3 hornets
  13 blink frogs
  10 slime creatures
  9 snapping turtles
  17 dream sheep
  A redback (Lair:6)
  14 water elementals
  2 shadows
  A vampire (D:6)
  56 yaks
  10 wyverns
  3 fire elementals (Snake:2)
  2 wraiths
  14 vampire mosquitoes
  3 basilisks
  19 humans (D:14)
  2 steam dragons
  37 nagas
  7 wargs
  22 water moccasins
  15 hell hounds
  25 orc warriors
  A sky beast (D:7)
  11 black bears
  9 ogres
  29 wolves
  2 necrophages (D:5)
  34 centaurs
  A phantom (D:5)
  An elf zombie (Ossuary)
  11 bullfrogs
  A kobold brigand (D:7)
  5 gnoll sergeants
  3 scorpions
  A wyvern skeleton (D:7)
  4 wights (D:9)
  8 howler monkeys
  7 electric eels
  2 human zombies (Ossuary)
  20 orc priests
  3 gnoll shamans
  10 hounds
  8 jellies
  A centaur skeleton (D:7)
  Jessica (D:2)
  2 iguanas
  16 orc wizards
  Natasha (D:3)
  7 hell rats
  A killer bee zombie (D:9)
  4 hound zombies
  A hound skeleton (D:4)
  5 mummies
  2 howler monkey zombies (D:5)
  26 gnolls
  4 adders
  A shadow imp (D:6)
  4 white imps
  2 adder zombies (Ossuary)
  A worm (D:3)
  52 orcs
  7 endoplasms
  3 giant cockroaches
  4 goblins
  6 hobgoblins
  9 jackals
  7 kobolds
  3 quokkas
  5 ball pythons
  3 bats
  6 frilled lizards
  A hobgoblin zombie (Ossuary)
  A jackal zombie (Ossuary)
  2 kobold zombies
  2 orc zombies
  3 rats
  4 tentacles
1185 creatures vanquished.

Vanquished Creatures (collateral kills)
  Rupert (Snake:1)
  Polyphemus (Shoals:2)
  A dire elephant (Lair:6)
  A merfolk impaler (Shoals:2)
  A catoblepas (D:14)
  An anaconda (Snake:1)
  3 death yaks (Lair:4)
  2 naga sharpshooters (Snake:2)
  3 ugly things (D:14)
  3 elephants (Lair:5)
  A rime drake (Lair:5)
  2 yaks
  A wyvern (Lair:6)
  A water moccasin (Lair:6)
  2 black bears (Lair:6)
24 creatures vanquished.

Vanquished Creatures (others)
  A salamander (Snake:4)
  A human (D:12)
  A goblin (D:2)
  50 fungi
  309 plants
  22 tentacles
384 creatures vanquished.

Grand Total: 1593 creatures vanquished

Notes
Turn   | Place    | Note
-------+----------+-------------------------------------------
     0 | D:1      | gimp the Djinni Wanderer began the quest for the Orb.
     0 | D:1      | Reached XP level 1. HP: 17/17 MP: 0/0
    37 | D:1      | Found a faded altar of an unknown god.
   219 | D:1      | Reached XP level 2. HP: 22/22 MP: 0/0
   282 | D:1      | Reached skill level 1 in Maces & Flails
   652 | D:2      | Noticed Jessica
   731 | D:2      | Killed Jessica
   732 | D:2      | Reached XP level 3. HP: 20/28 MP: 0/0
   732 | D:2      | Learned a level 1 spell: Sandblast
  1320 | D:2      | Found a sacrificial altar of Ru.
  1473 | D:2      | Reached XP level 4. HP: 22/33 MP: 0/0
  2031 | D:3      | Found a bloodstained altar of Trog.
  2088 | D:3      | Became a worshipper of Trog the Wrathful
  2160 | D:3      | Found Ufask's Magic Scroll Emporium.
  2175 | D:3      | Bought a scroll of blinking for 97 gold pieces
  2175 | D:3      | Bought a scroll of fear for 45 gold pieces
  2392 | D:3      | Found Ociam's Assorted Antiques.
  2400 | D:3      | Bought a scroll labelled JUPRAG QEUFUJA for 19 gold pieces
  2410 | D:3      | Noticed Natasha
  2430 | D:3      | Killed Natasha
  2584 | D:3      | Reached XP level 5. HP: 39/39 MP: 0/0
  2584 | D:3      | Learned a level 2 spell: Call Imp
  2645 | D:3      | Found Neiqid's Magic Scroll Boutique.
  2684 | D:3      | Noticed Natasha
  3178 | D:4      | Noticed a steam dragon
  3180 | D:4      | Found a stormy altar of Qazlal.
  3696 | D:4      | Reached XP level 6. HP: 46/46 MP: 0/0
  3924 | D:4      | Found a sacrificial altar of Ru.
  4310 | D:5      | Entered Level 5 of the Dungeon
  4580 | D:5      | Found a sand-covered staircase.
  4678 | Ossuary  | Entered an ossuary
  4714 | Ossuary  | Reached * piety under Trog
  4835 | Ossuary  | Reached skill level 5 in Maces & Flails
  4844 | Ossuary  | Reached XP level 7. HP: 31/50 MP: 0/0
  4844 | Ossuary  | Learned a level 3 spell: Tukima's Dance
  5814 | D:5      | Identified a scroll of acquirement
  5815 | D:5      | Acquired a +0 kite shield of protection
  5855 | D:5      | Reached XP level 8. HP: 56/56 MP: 0/0
  6031 | D:5      | Found a white marble altar of Elyvilon.
  6206 | D:5      | Found a staircase to the Ecumenical Temple.
  7099 | D:6      | Reached ** piety under Trog
  7120 | D:6      | Found a glowing silver altar of Zin.
  7120 | D:6      | Found a blossoming altar of Fedhas.
  7764 | D:6      | Reached skill level 5 in Shields
  7764 | D:6      | Reached XP level 9. HP: 33/60 MP: 0/0
  7764 | D:6      | Learned a level 3 spell: Stone Arrow
  8305 | D:6      | Reached skill level 1 in Dodging
  9729 | D:7      | Noticed Joseph
  9841 | D:6      | Reached *** piety under Trog
 10236 | D:7      | Killed Joseph
 10710 | D:7      | Reached XP level 10. HP: 67/67 MP: 0/0
 10764 | D:7      | Found a basalt altar of Yredelemnul.
 10862 | D:7      | Found a burning altar of Makhleb.
 10946 | D:7      | Found an ornate altar of the Wu Jian Council.
 11547 | D:8      | Found a staircase to the Lair.
 11630 | D:8      | Reached skill level 5 in Dodging
 11644 | D:8      | Reached skill level 10 in Maces & Flails
 12262 | D:9      | Reached **** piety under Trog
 12989 | D:10     | Entered Level 10 of the Dungeon
 13031 | D:10     | Noticed a kobold demonologist
 13037 | D:10     | Noticed a smoke demon
 13046 | D:9      | Noticed an orange demon
 13049 | D:9      | Noticed an orange demon
 13050 | D:9      | Killed a kobold demonologist
 13051 | D:9      | Reached XP level 11. HP: 65/71 MP: 0/0
 13051 | D:9      | Learned a level 4 spell: Hailstorm
 13595 | D:10     | Acquired a manual of Shields
 13645 | D:10     | Noticed a cyclops
 13658 | D:10     | Killed a cyclops
 13913 | D:10     | Noticed an orc knight
 13914 | D:10     | Noticed a death knight
 13957 | D:10     | HP: 3/71 [death knight/+0 morningstar (23)]
 14492 | D:10     | Killed an orc knight
 14703 | D:10     | Noticed a two-headed ogre
 14710 | D:10     | Killed a two-headed ogre
 15041 | D:10     | Noticed an ogre mage
 15114 | Lair:1   | Entered Level 1 of the Lair of Beasts
 15530 | Lair:1   | Noticed an oklob plant
 15531 | Lair:1   | Noticed an oklob plant
 15677 | Lair:1   | Reached skill level 10 in Shields
 15801 | Lair:1   | Reached skill level 5 in Fighting
 15801 | Lair:1   | Reached XP level 12. HP: 59/81 MP: 0/0
 15990 | D:3      | Bought a scroll of acquirement for 676 gold pieces
 15990 | D:3      | Acquired the ring "Uliafeb" {rElec rN+ Str+4 Dex-2}
 16173 | Lair:1   | Found a bloodstained altar of Trog.
 16801 | Lair:2   | Reached ***** piety under Trog
 16833 | Lair:2   | Found a dark tunnel.
 16844 | Volcano  | Entered a volcano
 16900 | Volcano  | Noticed a red draconian
 16930 | Volcano  | Killed a red draconian
 16977 | Volcano  | Noticed a centaur warrior
 16990 | Volcano  | Killed a centaur warrior
 17128 | Lair:2   | Found a basalt altar of Yredelemnul.
 18440 | Lair:3   | Noticed a boulder beetle
 18760 | Lair:3   | Identified the +0 helmet "Buttuh" {Str-4 Int+5}
 18969 | Lair:3   | Found a staircase to the Shoals.
 18971 | Lair:3   | Noticed an eight-headed hydra
 18997 | Lair:3   | Killed an eight-headed hydra
 19112 | Lair:3   | Noticed an eight-headed hydra
 19125 | Lair:3   | Killed an eight-headed hydra
 19145 | Lair:3   | Killed a boulder beetle
 19146 | Lair:3   | Reached XP level 13. HP: 46/90 MP: 0/0
 19146 | Lair:3   | Learned a level 5 spell: Manifold Assault
 20888 | Lair:4   | i'm dumb
 21358 | Lair:4   | Found a staircase to the Snake Pit.
 23939 | Lair:5   | Reached XP level 14. HP: 101/101 MP: 0/0
 23946 | Lair:5   | Reached skill level 1 in Evocations
 24751 | Lair:6   | Entered Level 6 of the Lair of Beasts
 24751 | Lair:6   | Found a staircase to the Slime Pits.
 26807 | Lair:6   | Reached skill level 15 in Maces & Flails
 26836 | Lair:6   | Reached skill level 15 in Shields
 27177 | Lair:6   | monkas
 27385 | Lair:6   | Reached skill level 5 in Evocations
 27389 | Lair:6   | Noticed a dire elephant
 27414 | Lair:6   | Killed a dire elephant
 28571 | Lair:6   | Reached XP level 15. HP: 105/105 MP: 0/0
 28571 | Lair:6   | Learned a level 6 spell: Conjure Ball Lightning
 29424 | D:11     | Reached skill level 8 in Armour
 30583 | D:11     | Found a staircase to the Orcish Mines.
 31242 | D:12     | Noticed Kirke
 31256 | D:11     | Killed Kirke
 31308 | D:12     | Found Raegyg's General Store.
 31316 | D:12     | Bought a wand of iceblast (11) for 195 gold pieces
 31316 | D:12     | Bought a scroll of magic mapping for 45 gold pieces
 31316 | D:12     | Bought a scroll of fog for 26 gold pieces
 31382 | D:12     | Found Duibreocs's Antique Armour Emporium.
 31399 | D:12     | Found Anura's Magic Scroll Shop.
 31446 | D:12     | Bought a scroll of teleportation for 45 gold pieces
 31446 | D:12     | Bought a scroll of fog for 30 gold pieces
 31446 | D:12     | Bought a scroll of teleportation for 45 gold pieces
 31520 | D:12     | Found Icocseps's General Store.
 31523 | D:12     | Bought a scroll of magic mapping for 38 gold pieces
 31523 | D:12     | Bought a scroll of blinking for 82 gold pieces
 31575 | D:12     | Found Zoesacucu's Armour Emporium.
 31605 | D:12     | Received a gift from Trog
 32371 | Orc:1    | Entered Level 1 of the Orcish Mines
 32371 | Orc:1    | Found Xotif's Antique Armour Shoppe.
 32541 | Orc:1    | Found Yvvylurr's Jewellery Boutique.
 32788 | Orc:1    | Noticed an orc warlord
 32880 | Orc:1    | Killed an orc warlord
 33086 | Orc:1    | Found a runed translucent door.
 33089 | Orc:1    | Found a shimmering altar of Xom.
 33089 | Orc:1    | Noticed rgaf's ghost (journeyman DsMo)
 33409 | Orc:2    | Entered Level 2 of the Orcish Mines
 33448 | Orc:2    | Found a staircase to the Elven Halls.
 33965 | Orc:1    | Reached skill level 9 in Armour
 35403 | Orc:2    | Found Qeoleid's Antique Armour Boutique.
 35403 | Orc:2    | Found Vaacuuqy's Magic Scroll Boutique.
 35447 | Orc:2    | Found Wadasaluoli's Assorted Antiques.
 35447 | Orc:2    | Found Jakkig's Jewellery Shoppe.
 35539 | Orc:2    | Bought a scroll of acquirement for 676 gold pieces
 35540 | Orc:2    | Acquired the +6 eveningstar of Ocriris {flame, rF+}
 35555 | Orc:2    | Bought a glowing helmet for 195 gold pieces
 35606 | Orc:1    | Bought a distressingly furry kite shield for 313 gold
                  | pieces
 35606 | Orc:1    | Identified the +0 kite shield "Kuafian" {Contam rElec rPois
                  | rN+} (You bought it in a shop on level 1 of the Orcish
                  | Mines)
 35606 | Orc:1    | Bought an embroidered scarf for 264 gold pieces
 36262 | D:13     | Noticed Frances
 36272 | D:13     | Killed Frances
 36741 | D:13     | Received a gift from Trog
 36990 | D:13     | Reached skill level 10 in Fighting
 37075 | D:13     | Noticed Erolcha
 37093 | D:13     | Killed Erolcha
 37094 | D:13     | Reached skill level 10 in Armour
 37094 | D:13     | Reached XP level 16. HP: 93/113 MP: 0/0
 37578 | D:14     | Noticed Snorg
 37589 | D:14     | Killed Snorg
 38381 | D:14     | Found a gate to the Vaults.
 38387 | D:14     | Received a gift from Trog
 38655 | D:14     | Found a broken altar of Ashenzari.
 39095 | D:15     | Entered Level 15 of the Dungeon
 39277 | D:15     | Reached skill level 11 in Armour
 39660 | D:15     | Found a staircase to the Depths.
 39911 | Snake:1  | Entered Level 1 of the Snake Pit
 40157 | Snake:1  | Reached skill level 10 in Evocations
 40303 | Snake:1  | Found a transporter.
 40584 | Snake:1  | Noticed Rupert
 40590 | Snake:1  | Killed Rupert
 40733 | Snake:1  | Found Huyh's Book Boutique.
 40733 | Snake:1  | Found Roaniurph's Jewellery Emporium.
 40734 | Snake:1  | Found Haylak's Book Boutique.
 40785 | Snake:1  | Found a transporter.
 41677 | Snake:2  | Reached XP level 17. HP: 118/123 MP: 0/0
 41677 | Snake:2  | Learned a level 6 spell: Freezing Cloud
 41779 | Snake:2  | Noticed Azrael
 42042 | Snake:2  | Noticed Vashnia
 42717 | Snake:2  | Killed Vashnia
 42718 | Snake:2  | Reached skill level 12 in Armour
 43461 | Snake:2  | Noticed Aizul
 43495 | Snake:2  | Killed Aizul
 43589 | Snake:2  | Killed Azrael
 44118 | Snake:2  | Identified the +0 leather armour of Lies {Harm rF+ rN+
                  | Dex+3}
 45502 | Snake:3  | Noticed Roxanne
 46907 | Snake:4  | Entered Level 4 of the Snake Pit
 46925 | Snake:3  | Reached skill level 13 in Armour
 48371 | Snake:4  | Received a gift from Trog
 48665 | Snake:4  | Acquired a manual of Armour
 49008 | Snake:4  | Reached XP level 18. HP: 107/134 MP: 0/0
 49129 | Snake:4  | Reached skill level 14 in Armour
 50672 | Snake:4  | Reached skill level 15 in Fighting
 50672 | Snake:4  | Reached skill level 15 in Armour
 51088 | Snake:4  | Reached ****** piety under Trog
 52016 | Snake:4  | Reached skill level 16 in Armour
 52032 | Snake:4  | Got a serpentine rune of Zot
 52271 | Shoals:1 | Entered Level 1 of the Shoals
 52372 | Shoals:1 | Noticed Nikola
 52380 | Shoals:1 | Killed Nikola
 52623 | Shoals:1 | Reached XP level 19. HP: 104/143 MP: 0/0
 52623 | Shoals:1 | Learned a level 7 spell: Orb of Destruction
 53799 | Shoals:2 | Reached skill level 5 in Throwing
 53963 | Shoals:2 | Noticed Heezod's ghost (journeyman MiBe)
 54084 | Shoals:2 | Found a transporter.
 54088 | Shoals:2 | Found a transporter.
 54090 | Shoals:2 | Identified the ring of the Commoners {rC+ rN+ rCorr Slay+4}
 54432 | Shoals:2 | Reached skill level 10 in Dodging
 54608 | Shoals:3 | Reached skill level 17 in Armour
 55859 | Shoals:3 | Noticed Polyphemus
 55879 | Shoals:3 | Noticed Ilsuiw
 55899 | Shoals:2 | Killed Polyphemus
 55964 | Shoals:2 | Killed Ilsuiw
 57177 | Shoals:3 | Received a gift from Trog
 58186 | Shoals:4 | Entered Level 4 of the Shoals
 58213 | Shoals:4 | Identified the +1 shadow dragon scales "Xusiry" {Slay+3
                  | Stlth++++}
 58764 | Shoals:4 | Reached skill level 18 in Armour
 59820 | Shoals:4 | Identified the +10 falchion "Beast's Doom" {speed, *Noise
                  | rElec Will+ Stlth+}
 59974 | Shoals:4 | Received a gift from Trog
 60010 | Shoals:4 | Reached XP level 20. HP: 149/149 MP: 0/0
 60177 | Shoals:4 | Found Rechuos's Weapon Boutique.
 60790 | Shoals:4 | Got a barnacled rune of Zot
 61508 | Vaults:1 | Entered Level 1 of the Vaults
 61968 | Vaults:1 | Annihilated by a yaktaur captain

Illustrated notes #>######.#.....# #... #.#..##.†#P...#. #.... #............... ...... ##............... ...... #................ ...... #................ #..#.# #P..#.##..#...... ##...# ##...#.#PYY#..... ..... ##..#...Y@##..... #.[.....YY##..... ##..#PPO.§.#..... #...P....SYF.... #.........#§..... ##...#....##..... #....##### ..... #..## .... ... Y... Turn 20888 on Lair:4: i'm dumb

..#..........## #.#..
#...#.#....#..# ##..# #....
#.#..#.#..#########.#
......#.S..#.#....P.##.....
....#..#.#...†.............
P..§.........#.............
.#
.....##.#.###†..#..........
.. #
........hhh..............#
l .#
........h@h...............
..P
...$.Sh.hYh....#.......)..
#..P#
........h....#.##........
.....
...§......)..###.........
..... .....########
########## ...PP ...##
..... .§# ..PP. .# ..#rP


Turn 27177 on Lair:6: monkas

Levels and vault maps discovered:
D:1:      dpeg_arrival_court, layout_rooms,
          shapermc_ecumenical_altar_mp_highgroup, minmay_hedge_maze
D:2:      layout_loops_corners, serial_forest, infiniplex_forest_straight_3,
          infiniplex_forest_lined_corner, infiniplex_forest_clump_double,
          infiniplex_forest_lined_3, infiniplex_forest_clump_large,
          infiniplex_forest_lined_corner, infiniplex_forest_clump_C,
          basic_altar, uniq_jessica
D:3:      kennysheep_big_flooded_room, layout_loops_ring, amcnicky_altar_gilded,
          serial_shops, nicolae_shop_temple_entry_statues_fountains, shop,
          nicolae_shop_trees, uniq_natasha
D:4:      layout_loops_ring, hangedman_ru_absence,
          nicolae_overflow_crystal_walls
D:5:      layout_cave_pods, kennysheep_mini_moat,
          minmay_temple_entry_nine_rooms, nicolae_ossuary_entry_giza
D:6:      layout_cave_pools, jmf_multi_god_temple, serial_gnoll_camp,
          gnoll_camp_huts_basic, gnoll_camp_mini_sergeant,
          gnoll_camp_mini_loothouse, gnoll_camp_medium_01,
          nicolae_zen_rock_garden
D:7:      layout_rooms, makhleb_heckhound_becter, old_standard_altar,
          yredelemnul_altar_generic, uniq_joseph
D:8:      layout_loops_ring, grunt_temple_overflow_magic_moments,
          erik_lair_island
D:9:      layout_small_grid, minmay_diced_spiral
D:10:     layout_basic, hex_large, minmay_misc_feat_roman, minivault_27,
          minmay_shattered_shrine
D:11:     layout_long_grid, david_orc_1_choice, st_stairs_12
D:12:     layout_gridville, serial_shops, nicolae_shop_window_shopping,
          nicolae_shop_statue_plus, shop, shop, shop_statue, feat_on_display,
          uniq_kirke
D:13:     layout_irregular_city, uniq_frances, uniq_erolcha
D:14:     layout_loops_ring, grunt_vaults_entry_tiered,
          nicolae_ashenzari_panopticon, nicolae_sif_muna_condensation,
          uniq_snorg
D:15:     grunt_enter_depths_snipers, layout_cross,
          chequers_serial_rivers_micro_a
Lair:1:   layout_regular_city, basic_altar, grunt_megastairs_2,
          infiniplex_staircase_pool_2, minmay_lair_oklob_chamber,
          serial_bayou_shore_a, serial_bayou_shore_b
Lair:2:   layout_regular_city, nicolae_volcano_entry_hallway,
          lemuel_centaur_altar, lemuel_fruit_fields, grunt_megastairs_1,
          lemuel_fruit_fields
Lair:3:   minmay_lair_oklob_tunnel, layout_cellular_growth,
          elwin_shoals_entry_rocks, infiniplex_staircase_pool,
          grunt_megastairs_5
Lair:4:   layout_regular_city, minmay_snake_entry_spellcaster,
          small_statue_intersection
Lair:5:   layout_regular_city
Lair:6:   hangedman_lair_caniforms_friends, layout_small_grid,
          hangedman_lair_tendril_chambers, nicolae_slime_entry_slimehenge,
          minivault_11
Shoals:1: layout_shoals, nicolae_shoals_cliffside_cave, centaur_isle,
          uniq_nikola
Shoals:2: layout_shoals, ebering_ghost_davey_jones, nicolae_shoals_loop_pool
Shoals:3: layout_shoals, uniq_ilsuiw, uniq_polyphemus
Shoals:4: shoals_end_grunt_ice, layout_shoals, serial_shops, shop_fountains
Snake:1:  gammafunk_its_a_trap, layout_basic, grunt_ministairs_13,
          minmay_shop_grove, uniq_rupert
Snake:2:  layout_chambers, grunt_ministairs_6, nicolae_snake_linked_coils,
          uniq_vashnia, uniq_azrael, uniq_aizul
Snake:3:  layout_chambers, st_stairs_1, serial_bayou_pond_e, uniq_roxanne
Snake:4:  snake_pit_salamanders_mu, layout_basic, st_stairs_8
Orc:1:    layout_diamond_mine, basic_altar, ebering_ghost_xom, serial_shops,
          shop, shop, nicolae_shop_statue_plus, nicolae_orc_pool_cavern,
          nicolae_orc_tapped_out
Orc:2:    st_orc_elflike, layout_diamond_mine, david_defended_altar_orc
Vaults:1: nicolae_vaults_border_crossing, gammafunk_the_bubble
          [the_bubble_gammafunk_plus_minus],
          hangedman_vaults_stretched_pinwheel, vaults_room_fancy_cross,
          hangedman_vaults_corner, v_misc_28, vaults_room_pools, v_misc_8,
          v_misc_4, grunt_vaults_diagonal, v_misc_17, nicolae_vaults_rhombus_7,
          nicolae_vaults_rhombus_5, layout_vaults_omnicross, serial_shops,
          nicolae_shop_temple_entry_statues_fountains

Skill      XL: |  1  2  3  4  5  6  7  8  9 10 11 12 13 14 15 16 17 18 19 20 |
---------------+-------------------------------------------------------------+-----
Maces & Flails | 1 2 3 5 6 8 9 10 11 13 14 15 16 | 16.0
Fighting       | 2 3 5 7 9 10 11 13 15 | 15.8
Shields        | 5 6 7 10 12 13 15 | 15.0
Dodging        | 4 6 7 9 11 | 11.0
Evocations     | 5 8 10 11 | 11.0
Armour         | 10 11 13 16 18 | 18.3
Throwing       | 4 7 8 |  8.8

Action                   |  1- 3 |  4- 6 |  7- 9 | 10-12 | 13-15 | 16-18 | 19-21 || total
-------------------------+-------+-------+-------+-------+-------+-------+-------++-------
Melee: Club              |    51 |       |       |       |       |       |       ||    51
       Mace              |    47 |   107 |       |       |       |       |       ||   154
       Flail             |       |   149 |   209 |       |       |       |       ||   358
       Morningstar       |       |       |   252 |   944 |  2253 |       |       ||  3449
       Eveningstar       |       |       |       |       |   102 |  1708 |   884 ||  2694
Throw: Dart              |       |       |     3 |     9 |       |       |       ||    12
Invok: Berserk           |       |     1 |     7 |    15 |    25 |    10 |     5 ||    63
       Trog's Hand       |       |       |     1 |     3 |    11 |     6 |    10 ||    31
       Brothers in Arms  |       |       |       |     1 |     5 |     5 |     2 ||    13
Evoke: Wand              |       |       |       |    12 |    11 |     1 |    14 ||    38
       Condenser vane    |       |       |       |       |     2 |     3 |     2 ||     7
       Box of beasts     |       |       |       |       |       |     1 |       ||     1
  Use: Potion            |     1 |     3 |     3 |       |     1 |       |       ||     8
       Scroll            |       |    10 |    13 |     6 |    11 |     5 |     2 ||    47
 Stab: Petrified         |       |       |       |       |       |     3 |       ||     3
Armor: Scale mail        |    55 |   191 |   291 |   174 |       |       |       ||   711
       Plate armour      |       |       |       |   358 |   938 |       |       ||  1296
       Chain mail        |       |       |       |       |    44 |   512 |   248 ||   804
Dodge: Dodged            |    54 |   157 |   163 |   308 |   559 |   353 |   251 ||  1845
       Repelled          |       |       |       |       |       |     9 |    10 ||    19
Block: Kite shield       |       |       |   250 |   592 |  1370 |  1204 |   713 ||  4129
       Reflection        |       |       |       |       |       |   119 |    62 ||   181

Table legend: (Time is in decaauts)
 A = Elapsed time spent in this place.
 B = Non-inter-level travel time spent in this place.
 C = Inter-level travel time spent in this place.
 D = Time resting spent in this place.
 E = Time spent auto-exploring this place.
 F = Levels seen in this place.
 G = Mean time per level.
                   A        B        C        D        E       F      G
               +--------+--------+--------+--------+--------+-----+--------+
         Total |  61503 |  58469 |   3034 |   9663 |  36815 |  34 | 1808.9 |
       Dungeon |  23176 |  21587 |   1589 |   2454 |  14990 |  15 | 1545.1 |
          Lair |  13076 |  12396 |    680 |   1634 |   7670 |   6 | 2179.3 |
        Shoals |   8838 |   8568 |    270 |   2345 |   4698 |   4 | 2209.5 |
     Snake Pit |  11905 |  11604 |    301 |   2351 |   7268 |   4 | 2976.2 |
  Orcish Mines |   3188 |   3006 |    182 |    808 |   1507 |   2 | 1594.0 |
        Vaults |    437 |    428 |      9 |     49 |    283 |   1 |  437.0 |
       Ossuary |    606 |    606 |      0 |      3 |    324 |   1 |  606.0 |
       Volcano |    274 |    274 |      0 |     16 |     75 |   1 |  274.0 |
               +--------+--------+--------+--------+--------+-----+--------+

Top non-repeatable levels by time:
 Snake:4: 4107 daAuts
 Snake:2: 3197 daAuts
     D:5: 3130 daAuts
  Lair:6: 3031 daAuts
Shoals:2: 2850 daAuts
 Snake:3: 2695 daAuts
Shoals:4: 2561 daAuts
     D:6: 2488 daAuts
  Lair:5: 2407 daAuts
  Lair:4: 2377 daAuts
  Lair:3: 2338 daAuts
    D:10: 2216 daAuts
Shoals:3: 2189 daAuts
   Orc:1: 2041 daAuts
    D:11: 2017 daAuts
